 Dungeon Crawl Stone Soup version 0.29.1-1-gd02db6906a (webtiles) character file.

Game seed: 9025743094288915580

177 safid the Shooter (level 5, -3/45 HPs)
             Began as a Minotaur Hunter on Oct 14, 2022.
             Was an Initiate of Okawaru.
             Slain by Grinder (9 damage)
             ... on level 3 of the Dungeon.
             The game lasted 00:03:23 (3037 turns).

safid the Shooter (Minotaur Hunter)                 Turns: 3037, Time: 00:03:24

Health: -3/45      AC:  3    Str: 15      XL:     5   Next: 31%
Magic:  4/4        EV: 12    Int:  5 (6)  God:    Okawaru [......]
Gold:   106        SH:  0    Dex: 16      Spells: 4/4 levels left

rFire   . . .      SeeInvis .   a - +0 shortbow
rCold   . . .      Faith    .   (shield currently unavailable)
rNeg    . . .      Spirit   .   c - +0 leather armour
rPois   .          Reflect  .   (helmet restricted)
rElec   .          Harm     .   (no cloak)
rCorr   .          Rampage  .   (no gloves)
Will    .....                   (no boots)
Stlth   +.........              (no amulet)
HPRegen 0.15/turn               (no ring)
MPRegen 0.09/turn               (no ring)

@: no status effects
A: horns 2, retaliatory headbutt
a: Renounce Religion


You were on level 3 of the Dungeon.
You worshipped Okawaru.
Okawaru was noncommittal.
You visited 1 branch of the dungeon, and saw 3 of its levels.

You collected 106 gold pieces.

Inventory:

Hand Weapons
 a - a +0 shortbow (weapon)
Armour
 c - a +0 leather armour (worn)
Jewellery
 d - a ring of magical power
 o - a +6 ring of strength
Scrolls
 b - a scroll of immolation
 f - a scroll of noise {unknown}
 h - 2 scrolls of identify {unknown}
 i - 2 scrolls of amnesia {unknown}
 j - a scroll of enchant weapon {unknown}
 p - a scroll of vulnerability {unknown}
 q - a scroll of fear {unknown}
 r - a scroll of teleportation {unknown}
Potions
 e - a potion of degeneration
 g - a potion of haste
 k - a potion of heal wounds {unknown}
 m - a potion of might {unknown}
 n - a potion of mutation {unknown}


   Skills:
 - Level 3.0 Fighting
 + Level 7.1 Ranged Weapons
 - Level 2.1 Dodging
 - Level 0.7 Stealth


You had 4 spell levels left.
You didn't know any spells.
Your spell library was empty.

Dungeon Overview and Level Annotations

Branches:
Dungeon (3/15)

Altars:
Makhleb
Okawaru
Xom

Annotations:
D:3 Grinder


Innate Abilities, Weirdness & Mutations

You have a pair of horns on your head.
You reflexively headbutt those who attack you in melee.


Message History

You shoot an arrow. The arrow barely misses Grinder.
The arrow hits the endoplasm.
The endoplasm is almost dead.
Grinder closely misses you.
Fire: a) +0 shortbow
Press: ? - help, Q - select action Shift-Dir - straight line, f/p - Grinder
Aim: Grinder (heavily wounded, 61% to hit)
You shoot an arrow.
The arrow hits Grinder but does no damage.
Grinder is heavily wounded.
Grinder hits you.
You writhe in agony.
* * * LOW HITPOINT WARNING * * *
Unknown command.
Unknown command.
Fire: a) +0 shortbow
Press: ? - help, Q - select action Shift-Dir - straight line, f/p - Grinder
Aim: Grinder (heavily wounded, 61% to hit)
You shoot an arrow. The arrow hits Grinder!
Grinder is severely wounded.
Grinder hits you.
* * * LOW HITPOINT WARNING * * *
You writhe in agony.
* * * LOW HITPOINT WARNING * * *
Fire: a) +0 shortbow
Press: ? - help, Q - select action Shift-Dir - straight line, f/p - Grinder
Aim: Grinder (severely wounded, 61% to hit)
You shoot an arrow. The arrow hits Grinder.
Grinder is almost dead.
Grinder gestures at you. Pain shoots through your body!
* * * LOW HITPOINT WARNING * * *
Unknown command.
Unknown command.
Fire: a) +0 shortbow
Press: ? - help, Q - select action Shift-Dir - straight line, f/p - Grinder
Aim: Grinder (almost dead, 61% to hit)
You shoot an arrow. The arrow hits Grinder.
Grinder is almost dead.
Grinder hits you!
You die...

#.#
..........#
#.#
..........#
######.#
....).....#
#......####
..........
#.####.....
....... #.#
#.#### ..Jr
#.# #.#
#5######.#
#.#
#@.......#
#.#
##########
#.# #.. ###


You could see Grinder, an endoplasm and a rat.

Vanquished Creatures
  A crimson imp (D:3)
  An orc priest (D:3)
  Robin (D:2)
  3 adders
  A dart slug (D:2)
  9 orcs
  2 ball pythons
  5 bats
  5 endoplasms
  A giant cockroach (D:2)
  9 goblins
  9 hobgoblins
  3 quokkas
  3 frilled lizards
  3 kobolds
  6 rats
62 creatures vanquished.

Notes
Turn   | Place    | Note
-------+----------+-------------------------------------------
     0 | D:1      | safid the Minotaur Hunter began the quest for the Orb.
     0 | D:1      | Reached XP level 1. HP: 18/18 MP: 0/0
   166 | D:1      | Found a faded altar of an unknown god.
   331 | D:1      | Reached XP level 2. HP: 26/26 MP: 1/1
   544 | D:1      | Reached skill level 5 in Ranged Weapons
   949 | D:2      | Reached XP level 3. HP: 31/31 MP: 2/2
  1305 | D:2      | Found an iron altar of Okawaru.
  1409 | D:2      | Became a worshipper of Warmaster Okawaru
  1419 | D:2      | Noticed Robin
  1423 | D:2      | Killed Robin
  1707 | D:2      | Reached XP level 4. HP: 38/38 MP: 3/3
  1727 | D:2      | Reached skill level 6 in Ranged Weapons
  2457 | D:3      | Identified the +1 robe of the Sparrow {Will+}
  2510 | D:3      | Reached XP level 5. HP: 16/45 MP: 4/4
  2785 | D:3      | Found a burning altar of Makhleb.
  2786 | D:3      | Found a shimmering altar of Xom.
  2790 | D:3      | Reached skill level 7 in Ranged Weapons
  3025 | D:3      | Noticed Grinder
  3029 | D:3      | Paralysed by Grinder for 4 turns
  3037 | D:3      | Slain by Grinder

Illustrated notes

Levels and vault maps discovered:
D:1:      denvon_arrival_planthouse, layout_basic, basic_ecumenical_altar,
          serial_glass, glass_columns_b, glass_columns_a, glass_columns_a,
          glass_columns_b
D:2:      layout_basic, basic_altar, uniq_robin
D:3:      layout_basic, grunt_temple_overflow_champion_of_chaos,
          mainiacjoe_overflow_six_doors_small, uniq_terence, uniq_grinder

Skill      XL: |  1  2  3  4  5 |
---------------+----------------+-----
Fighting       | 3 |  3.0
Ranged Weapons | 5 6 7 |  7.1
Dodging        | |  2.1
Stealth        | |  0.7

Action                   |  1- 3 |  4- 6 || total
-------------------------+-------+-------++-------
 Fire: Shortbow          |   109 |    77 ||   186
  Use: Potion            |       |     2 ||     2
Armor: Leather armour    |    15 |     8 ||    23
Dodge: Dodged            |    31 |    26 ||    57
